 Dungeon Crawl Stone Soup version 0.26-a0-663-g36e8fdb655 (webtiles) character file.

Game seed: 4033864300628743100

317 Borbozo the Cudgeler (level 6, -4/57 HPs)
             Began as a Gargoyle Berserker on Oct 11, 2020.
             Was a Priest of Trog.
             Slain by an ice beast (13 damage)
             ... on level 4 of the Dungeon.
             The game lasted 00:18:58 (2919 turns).

Borbozo the Cudgeler (Gargoyle Berserker)           Turns: 2919, Time: 00:18:58

Health: -4/57      AC: 23    Str: 21    XL:     6   Next: 44%
Magic:  6/6        EV:  2    Int:  8    God:    Trog [***...]
Gold:   242        SH:  0    Dex: 10    Spells: 5/5 levels left

rFire    . . .     SeeInvis .   a - +0 mace
rCold    . . .     Faith    .   (no shield)
rNeg     + + +     Spirit   .   (armour currently unavailable)
rPois    ∞         Reflect  .   (helmet currently unavailable)
rElec    .         Harm     .   (cloak currently unavailable)
rCorr    .         Rampage  .   (gloves currently unavailable)
MR       ++...     NoTele   +   (boots currently unavailable)
Stlth    +.........             (no amulet)
HPRegen  1.19/turn              (no ring)
MPRegen  0.10/turn              (no ring)

@: tree-form, regenerating (expiring)
A: negative energy resistance 1, petrification resistance, rot immunity, AC +4
a: Berserk, Trog's Hand, Renounce Religion


You were on level 4 of the Dungeon.
You worshipped Trog.
Trog was most pleased with you.
You were a tree.
You visited 1 branch of the dungeon, and saw 4 of its levels.

You collected 242 gold pieces.

Inventory:

Hand Weapons
 a - a +0 mace (weapon)
 p - a +0 hunting sling
 s - a +0 mace
 F - a +3 dagger of venom
Missiles
 q - 82 stones (quivered)
 z - 21 sling bullets
 D - 9 poisoned darts
Armour
 b - a +0 animal skin
 i - a +0 pair of boots
 j - a +0 pair of boots (melded)
 n - a +2 pair of gloves (melded)
 w - a +0 scale mail (melded)
 y - a +0 ring mail
 G - a +0 plate armour
Wands
 C - a wand of iceblast (9)
 E - a wand of flame (18)
Scrolls
 d - 2 scrolls of teleportation
 e - a scroll of magic mapping {unknown}
 f - a scroll of identify
 h - a scroll of remove curse {unknown}
 u - a scroll of immolation {unknown}
 v - a scroll of fear {unknown}
 x - a scroll of blinking {unknown}
 A - 2 scrolls of amnesia {unknown}
Potions
 c - a potion of stabbing {unknown}
 g - 2 potions of might
 k - a potion of resistance {unknown}
 l - 2 potions of haste
 m - a potion of curing {unknown}
 o - a potion of berserk rage {unknown}
 r - 3 potions of lignification
 t - 2 potions of invisibility {unknown}
 B - a potion of cancellation {unknown}


   Skills:
 + Level 4.2 Fighting
 + Level 5.7 Maces & Flails
 + Level 2.6 Armour
 + Level 2.6 Dodging
 + Level 1.3 Stealth


You had 5 spell levels left.
You didn't know any spells.
Your spell library was empty.

Dungeon Overview and Level Annotations

Branches:
Dungeon (4/15)
 Temple: D:4-7

Altars:
Hepliaklqana
The Shining One


Innate Abilities, Weirdness & Mutations

You are resistant to torment.
((Your stone body is resilient. (AC +4)))
You are immune to poison.
You resist negative energy. (rN+)
((You are resistant to electric shocks. (rElec)))
((You can survive without breathing.))
You are immune to petrification.
You are immune to rotting.


Message History

You turn into a tree.
Your +2 pair of gloves melds into your body.
Your +0 pair of boots melds into your body.
Your +0 scale mail melds into your body.
Your roots penetrate the ground.
The ice beast hits you but does no damage.
You barely miss the ice beast.
The ice beast is moderately wounded.
The ice beast hits you but does no damage.
You hit the ice beast but do no damage.
The ice beast is moderately wounded.
You recover from your berserk rage.
You feel the effects of Trog's Hand fading.
The ice beast hits you but does no damage. x2
You barely miss the ice beast.
The ice beast is moderately wounded.
The ice beast hits you.
* * * LOW HITPOINT WARNING * * *
The ice beast freezes you!
You die...

..># #...# ....
... .. ######
.######
......###.......
........Y....#
####.^♣#....#
#......#.##.#
#.##.#)#.. # .
...#)###. ....
#<# ..
.#...........#
.......#......#
....... ......#
..#.... ......#


You could see an ice beast.

Vanquished Creatures
  The ghost of feta the Conjurer, a weakling TeCj (D:3)
  A jelly (D:2)
  Jessica (D:3)
  A hound skeleton (D:2)
  9 adders
  4 oozes
  2 worms (D:2)
  4 dart slugs
  3 leopard geckos
  10 orcs
  4 bats
  4 giant cockroaches
  9 goblins
  11 hobgoblins
  9 jackals (D:2)
  2 quokkas (D:3)
  7 frilled lizards
  7 kobolds
  2 rats
91 creatures vanquished.

Notes
Turn   | Place    | Note
-------+----------+-------------------------------------------
     0 | D:1      | Borbozo the Gargoyle Berserker began the quest for the Orb.
     0 | D:1      | Reached XP level 1. HP: 14/14 MP: 1/1
   137 | D:1      | You fall into a shaft and drop 1 floor!
   141 | D:2      | Reached XP level 2. HP: 19/19 MP: 2/2
   148 | D:2      | Reached XP level 3. HP: 24/24 MP: 3/3
   448 | D:2      | Reached ** piety under Trog
   448 | D:2      | Reached skill level 4 in Maces & Flails
   448 | D:2      | Reached XP level 4. HP: 28/29 MP: 4/4
   632 | D:1      | Found a glowing golden altar of the Shining One.
  1217 | D:2      | Reached XP level 5. HP: 33/33 MP: 5/5
  1486 | D:2      | Found a hazy altar of Hepliaklqana.
  1645 | D:3      | Reached skill level 1 in Stealth
  1863 | D:3      | Reached skill level 5 in Maces & Flails
  1909 | D:3      | Found a runed translucent door.
  1919 | D:3      | Noticed feta's ghost (weakling TeCj)
  1980 | D:3      | Reached *** piety under Trog
  2085 | D:3      | Reached XP level 6. HP: 38/38 MP: 6/6
  2600 | D:3      | Killed feta's ghost
  2668 | D:3      | Noticed Jessica
  2681 | D:3      | Killed Jessica
  2896 | D:4      | Noticed an ice beast
  2919 | D:4      | Slain by an ice beast

Illustrated notes

Levels and vault maps discovered:
D:1:      giann_wishing_wells, layout_loops_ring, minmay_misc_feat_tiny,
          tso_altar
D:2:      layout_rooms, nicolae_overflow_hidden_temple
D:3:      layout_basic, ebering_ghost_reflecting_pool, uniq_jessica
D:4:      layout_loops_cross, serial_shops, nicolae_shop_behind_doors

Skill      XL: |  1  2  3  4  5 |
---------------+----------------+-----
Dodging        | 2 |  2.6
Maces & Flails | 4 5 |  5.7
Fighting       | 4 |  4.2
Stealth        | 1 |  1.3
Armour         | |  2.6

Action                   |  1- 3 |  4- 6 || total
-------------------------+-------+-------++-------
Melee: Mace              |    61 |   246 ||   307
Invok: Berserk           |     4 |     5 ||     9
       Trog's Hand       |       |     2 ||     2
  Use: Scroll            |       |     5 ||     5
       Potion            |       |     1 ||     1
 Stab: Sleeping          |     1 |     1 ||     2
Armor: Animal skin       |    26 |    56 ||    82
       Scale mail        |       |    65 ||    65
       Skin              |       |     4 ||     4
Dodge: Dodged            |    52 |   156 ||   208

Table legend: (Time is in decaauts)
 A = Elapsed time spent in this place.
 B = Non-inter-level travel time spent in this place.
 C = Inter-level travel time spent in this place.
 D = Time resting spent in this place.
 E = Time spent auto-exploring this place.
 F = Levels seen in this place.
 G = Mean time per level.
                   A        B        C        D        E       F      G
               +--------+--------+--------+--------+--------+-----+--------+
         Total |   3049 |   3049 |      0 |    183 |      0 |   4 |  762.2 |
       Dungeon |   3049 |   3049 |      0 |    183 |      0 |   4 |  762.2 |
               +--------+--------+--------+--------+--------+-----+--------+

Top non-repeatable levels by time:
     D:3: 1364 daAuts
     D:1: 895 daAuts
     D:2: 751 daAuts
     D:4: 37 daAuts
